 Dungeon Crawl Stone Soup version 0.31-a0-931-g7b59d4eb97 (webtiles) character file.

Game seed: 6214262252863708899

10 protoss039 the Digger (level 2, 20/20 HPs)
             Began as a Demonspawn Earth Elementalist on Oct 19, 2023.
             Got out of the dungeon alive.
             The game lasted 00:00:37 (457 turns).

protoss039 the Digger (DsEE)                         Turns: 457, Time: 00:00:38

Health: 20/20      AC:  2    Str:  8    XL:     2   Next: 10%
Magic:  4/5        EV: 12    Int: 16    God:
Gold:   0          SH:  0    Dex: 13    Spells: 4/5 levels left

rFire   . . .        g - +0 spear
rCold   . . .        (no shield)
rNeg    . . .        a - +0 robe
rPois   .            (no helmet)
rElec   .            (no cloak)
rCorr   .            (no gloves)
SInv    .            (no boots)
Will    .....        (no amulet)
Stlth   ++           (no ring)
HPRegen 0.23/turn    (no ring)
MPRegen 0.09/turn

%: no passive effects
@: no status effects
A: sanguine armour 1
a: no special abilities


You escaped.
You visited 1 branch of the dungeon, and saw 1 of its levels.

Inventory:

Hand Weapons
 c - a +0 whip
 d - a +0 short sword
 g - a +0 spear (weapon)
Armour
 a - a +0 robe (worn)
Scrolls
 b - a scroll of vulnerability {unknown}
 e - a scroll of revelation {unknown}
Potions
 f - 2 potions of heal wounds {unknown}
 h - a potion of might {unknown}
 i - a potion of brilliance {unknown}
 j - 2 potions of curing {unknown}


   Skills:
 + Level 0.9 Fighting
 - Level 1.7 Dodging
 - Level 1.7 Stealth
 + Level 2.2 Spellcasting
 - Level 0.8 Transmutations
 + Level 2.9 Earth Magic


You had 4 spell levels left.
You knew the following spells:

 Your Spells              Type           Power      Damage    Failure   Level
a - Sandblast             Erth           22%        2d7       6%          1

Your spell library contained the following spells:

 Spells                   Type           Power      Damage    Failure   Level
 Passwall                 Tmut/Erth      5%         N/A       14%         2
 Stone Arrow              Conj/Erth      12%        3d7       32%         3
 Petrify                  Tmut/Erth      7%         N/A       67%         4
 Brom's Barrelling Bould  Conj/Erth      6%         2d3       73%         4


Dungeon Overview and Level Annotations

Branches:
Dungeon (1/15) Zot: 5535

Altars:


Innate Abilities, Weirdness & Mutations

When seriously injured, your blood forms armour. (AC +0)


Message History

A goblin is nearby!
A goblin is nearby!
A goblin is nearby!
A goblin is nearby!
A goblin is nearby!
Casting: Sandblast (safe; 6% risk of failure)
Confirm with . or Enter, or press ? or * to list all spells.
Aiming: Sandblast (safe; 6% risk of failure)
Press: ? - help, Shift-Dir - straight line, f - you That would be overly suicidal.
Okay, then.
Unknown command.
The goblin shouts!
A hobgoblin comes into view.
Casting: Sandblast (safe; 6% risk of failure)
Confirm with . or Enter, or press ? or * to list all spells.
Aiming: Sandblast (safe; 6% risk of failure)
Press: ? - help, Shift-Dir - straight line, f - goblin
Aim: a goblin, wielding a +0 club (77% to hit)
The blast of sand hits the goblin!
You kill the goblin!
You have reached level 2!
Your demonic ancestry asserts itself...
You feel your blood ready itself to protect you.
Casting: Sandblast (safe; 6% risk of failure)
Confirm with . or Enter, or press ? or * to list all spells.
Aiming: Sandblast (safe; 6% risk of failure)
Press: ? - help, Shift-Dir - straight line, f - you That would be overly suicidal.
Okay, then.
Casting: Sandblast (safe; 6% risk of failure)
Confirm with . or Enter, or press ? or * to list all spells.
Aiming: Sandblast (safe; 6% risk of failure)
Press: ? - help, Shift-Dir - straight line, f - hobgoblin
Aim: a hobgoblin (82% to hit)
The blast of sand hits the hobgoblin!
You kill the hobgoblin!
Unknown command.
There is a staircase leading out of the dungeon here.
You have escaped!

..##.................##..........
###.................###.......#.#
.##.......#.#...###.###.......###
.##...###.#.............##....#
..#...####################....#
..#...#..## ##..†..##+#
..#####...# ######### #..........
.#...##...###...8...###.......(..
#....##...##..8.@.8..##..........
.....##...#8.........8#........#.
.....##......8..(..8...........##
.....##...#8.........8#..........
......#...##..8...8..##..........
......#...###...8...###..........
......#...# ######### #..........
.........## ##.........
......###### #############.#.#'##


There were no monsters in sight!

Vanquished Creatures
  A giant cockroach (D:1)
  A goblin (D:1)
  A hobgoblin (D:1)
  2 jackals (D:1)
  A frilled lizard (D:1)
  4 kobolds (D:1)
10 creatures vanquished.

Notes
Turn   | Place    | Note
-------+----------+-------------------------------------------
     0 | D:1      | protoss039 the Demonspawn Earth Elementalist began the
                  | quest for the Orb.
     0 | D:1      | Reached XP level 1. HP: 13/13 MP: 3/3
   429 | D:1      | Gained mutation: When seriously injured, your blood forms
                  | armour. (AC +0) [demonic ancestry]
   429 | D:1      | Reached XP level 2. HP: 20/20 MP: 3/5
   457 | D:$      | Got out of the dungeon alive.

Illustrated notes

Levels and vault maps discovered:
D:1:      erik_arrival_orb_chamber, layout_basic

Action                     || total
---------------------------++-------
  Melee: Spear             ||     7
   Cast: Sandblast         ||    16
    Use: Potion            ||     1
 Armour: Robe              ||     8
  Dodge: Dodged            ||     7

Table legend: (Time is in decaauts)
 A = Elapsed time spent in this place.
 B = Non-inter-level travel time spent in this place.
 C = Inter-level travel time spent in this place.
 D = Time resting spent in this place.
 E = Time spent auto-exploring this place.
 F = Levels seen in this place.
 G = Mean time per level.
                   A        B        C        D        E       F      G
               +--------+--------+--------+--------+--------+-----+--------+
         Total |    464 |    410 |     54 |     32 |    299 |   1 |  464.0 |
       Dungeon |    464 |    410 |     54 |     32 |    299 |   1 |  464.0 |
               +--------+--------+--------+--------+--------+-----+--------+

Top non-repeatable levels by time:
     D:1: 464 daAuts
